 Dungeon Crawl Stone Soup version 0.31.0-11-ge490571c62 (webtiles) character file.

Game seed: 1881906480707744925

61 solopath the Ruffian (level 3, -1/27 HPs)
             Began as a Demonspawn Shapeshifter on Feb 3, 2024.
             Slain by a quokka (3 damage)
             ... on level 2 of the Dungeon.
             The game lasted 00:01:19 (1094 turns).

solopath the Ruffian (Demonspawn Shapeshifter)      Turns: 1094, Time: 00:01:19

Health: -1/27      AC:  2    Str: 16    XL:     3   Next: 83%
Magic:  3/3        EV: 12    Int: 10    God:
Gold:   85         SH:  0    Dex: 12    Spells: 2/2 levels left

rFire   . .          .
                       - Unarmed
rCold   . . .        (no shield)
rNeg    . . .        a - +0 animal skin
rPois   .            (helmet currently unavailable)
rElec   .            (cloak currently unavailable)
rCorr   .            (gloves currently unavailable)
SInv    .            (boots currently unavailable)
Will    .....        (no amulet)
Stlth   +            (no ring)
HPRegen 0.24/turn    (no ring)
MPRegen 0.08/turn

%: no passive effects
@: beast-form
A: beast (slay +1), foul stench 1, weakness stinger 1
a: Begin Untransformation


You were on level 2 of the Dungeon.
You were a hulking beast.
You visited 1 branch of the dungeon, and saw 2 of its levels.

You collected 85 gold pieces.

Inventory:

Armour
 a - a +0 animal skin (worn)
Talismans
 c - a beast talisman
 d - a flux talisman
Scrolls
 e - a scroll of teleportation {unknown}
 f - 4 scrolls of identify {unknown}
 g - 2 scrolls of enchant weapon {unknown}
 h - a scroll of acquirement {unknown}
 i - a scroll of noise {unknown}
Potions
 b - a potion of lignification


   Skills:
 + Level 2.0 Fighting
 - Level 1.7 Dodging
 * Level 3.6 Unarmed Combat
 + Level 3.1 Shapeshifting


You had 2 spell levels left.
You didn't know any spells.
Your spell library was empty.

Dungeon Overview and Level Annotations

Branches:
Dungeon (2/15)

Altars:


Innate Abilities, Weirdness & Mutations

You are a hulking beast.
Your limbs bulge with bestial killing power. (Slay +1)
You may rarely emit foul miasma when damaged in melee.
You have a small tail.


Message History

A quokka and a hobgoblin come into view.
You barely miss the giant cockroach.
The hobgoblin shouts!
The giant cockroach bites you but does no damage.
You barely miss the giant cockroach. The giant cockroach bites you.
You barely miss the giant cockroach. The giant cockroach closely misses you.
You closely miss the giant cockroach. The giant cockroach bites you.
You hit the giant cockroach.
You kill the giant cockroach!
The quokka bites you. The hobgoblin hits you. The quokka bites you.
You are too injured to fight recklessly!
You are too injured to fight recklessly!
You are too injured to fight recklessly!
You are too injured to fight recklessly!
You are too injured to fight recklessly!
You are too injured to fight recklessly!
The hobgoblin attacks as it pursues you!
The hobgoblin hits you. The quokka attacks as it pursues you!
The quokka barely misses you. The quokka bites you.
* * * LOW HITPOINT WARNING * * *
The hobgoblin attacks as it pursues you!
The hobgoblin hits you.
* * * LOW HITPOINT WARNING * * *
You hit the hobgoblin.
The hobgoblin is almost dead.
The hobgoblin hits you.
* * * LOW HITPOINT WARNING * * *
You barely miss the hobgoblin.
The hobgoblin is almost dead.
The hobgoblin closely misses you.
Unknown command.
Okay, then.
You punch the hobgoblin!
You kill the hobgoblin!
Your Fighting skill increases to level 2!
You hit the quokka.
The quokka is heavily wounded.
The quokka closely misses you. The quokka bites you.
You die...

#.........# #...# ##
#.........# #...# #.
#.........# #...# ##.
#...(.....# #...# #..
#.........# #...# #.#
#......<..####...###.#
#)...................#
#####r#####..........#
#h# #..........## #.#
#..........## #.#
#..........#. ##.#
#..........#. #..#
#>.........#. #.##
##.........#. ##.#
#............
######### #..#
#...[.......#
#.......# #.###
#............


You could see a quokka.

Vanquished Creatures
  2 adders (D:2)
  A dart slug (D:1)
  4 endoplasms
  3 giant cockroaches
  4 goblins
  5 hobgoblins
  6 kobolds
  2 quokkas (D:1)
  2 ball pythons (D:1)
  A bat (D:1)
  2 frilled lizards (D:1)
  4 rats
36 creatures vanquished.

Notes
Turn   | Place    | Note
-------+----------+-------------------------------------------
     0 | D:1      | solopath the Demonspawn Shapeshifter began the quest for
                  | the Orb.
     0 | D:1      | Reached XP level 1. HP: 15/15 MP: 1/1
   318 | D:1      | Discovered your monstrous ancestry.
   318 | D:1      | Gained mutation: You have a small tail. [demonic ancestry]
   318 | D:1      | Reached XP level 2. HP: 21/21 MP: 2/2
   746 | D:1      | Found a faded altar of an unknown god.
   803 | D:2      | Gained mutation: You may rarely emit foul miasma when
                  | damaged in melee. [demonic ancestry]
   803 | D:2      | Reached XP level 3. HP: 23/26 MP: 3/3
  1091 | D:2      | HP: 1/27 [hobgoblin (3)]
  1094 | D:2      | Slain by a quokka

Illustrated notes

Levels and vault maps discovered:
D:1:      shiori_arrival_elements, layout_basic,
          shapermc_ecumenical_altar_acropolis, serial_corexii_hall,
          corexii_hall_statues_i, chequers_hall_statues_wall_a,
          chequers_hall_statues_y
D:2:      layout_rooms

Skill      XL: |  1  2  3 |
---------------+----------+-----
Unarmed Combat | 3 |  3.6
Shapeshifting  | 3 |  3.1
Fighting       | 2 |  2.0
Dodging        | |  1.7

Action                     || total
---------------------------++-------
  Melee: Unarmed           ||    89
         Tailslap          ||     7
         Punch             ||     2
   Stab: Sleeping          ||     2
 Armour: Animal skin       ||    46
  Dodge: Dodged            ||    50
